 Dungeon Crawl Stone Soup version 0.19-a0-994-g3c636f0 (webtiles) character file.

11769 matakusis the Blocker (level 11, -10/84 HPs)
             Began as a Demonspawn Gladiator on July 17, 2016.
             Was a Priest of Hepliaklqana.
             Mangled by a freezing wraith (20 damage)
             ... in an ice cave.
             The game lasted 00:30:32 (9929 turns).

matakusis the Blocker (Demonspawn Gladiator)        Turns: 9929, Time: 00:30:32

Health: -10/84     AC: 10    Str: 22    XL:     11   Next: 53%
Magic:  11/11      EV: 23    Int:  9    God:    Hepliaklqana [***...]
Gold:   566        SH: 13    Dex: 20    Spells: 0 memorised, 10 levels left

rFire  . . .     SeeInvis .     y - +7 war axe of Sequestration {chop, Str+4 Dex+3}
rCold  . . .     Gourm    .     O - +0 troll leather armour
rNeg   + . .     Faith    .     m - +0 shield
rPois  .         Spirit   .     F - +1 hat {MR+}
rElec  .         Dismiss  .     s - +1 cloak {MR+}
rCorr  .         Reflect  .     l - +0 pair of gloves
SustAt .         Harm     .     (no boots)
MR     ++...     Clarity  +     K - amulet of magic regeneration
Stlth  ++........               h - ring of positive energy
                                B - +4 ring of evasion

@: very resistant to hostile enchantments, unstealthy
A: talons 1, rugged brown scales 2, clarity, frail 1, screaming 1, spiny 1,
strong 1, subdued magic 1
a: Recall Ancestor, Ancestor Identity, Transference, Renounce Religion


You were in an ice cave.
You worshipped Hepliaklqana.
Hepliaklqana was most pleased with you.
You were hungry.

You visited 2 branches of the dungeon, and saw 12 of its levels.
You also visited: Ice Cave.

You collected 566 gold pieces.

Inventory:

Hand Weapons
 a - a +1 long sword
 y - the +7 war axe of Sequestration (weapon) {chop, Str+4 Dex+3}
   (You found it on level 8 of the Dungeon)

   It inflicts extra damage upon your enemies.
   It affects your strength (+4).
   It affects your dexterity (+3).
Missiles
 J - 8 poisoned javelins (quivered)
Armour
 e - a +1 leather armour of magic resistance
 l - a +0 pair of gloves (worn)
 m - a +0 shield (worn)
 s - a +1 cloak of magic resistance (worn)
 F - a +1 hat of magic resistance (worn)
 L - a +0 chain mail of positive energy
 O - a +0 troll leather armour (worn)
Jewellery
 h - a ring of positive energy (right hand)
 n - an uncursed ring of positive energy
 B - a +4 ring of evasion (left hand)
 K - an amulet of magic regeneration (around neck)
Wands
 b - a wand of enslavement (16/24)
 c - a wand of iceblast (10/15)
 o - a wand of confusion (14/48)
 r - a wand of iceblast (10/15)
 u - a wand of polymorph (8/24)
 v - a wand of acid (8/15)
Scrolls
 i - 3 scrolls of remove curse
 j - 3 scrolls of recharging
 q - 2 scrolls of fear
 t - 6 scrolls of teleportation
 w - a scroll of enchant armour
 H - a scroll of blinking
 M - 2 scrolls of identify
 N - a scroll of fog
Potions
 d - 2 potions of curing
 z - a potion of lignification
 A - 2 potions of flight
 G - a potion of magic
Books
 D - a book of Spatial Translocations

   Spells                             Type                      Level
   a - Apportation                    Translocation                1
   b - Blink                          Translocation                2
   c - Shroud of Golubria             Charms/Translocation         2
   d - Portal Projectile              Translocation                3
   e - Teleport Other                 Translocation                3
   f - Passage of Golubria            Translocation                4
 E - a book of Geomancy

   Spells                             Type                      Level
   a - Sandblast                      Earth                        1
   b - Passwall                       Transmutation/Earth          2
   c - Stone Arrow                    Conjuration/Earth            3
   d - Petrify                        Transmutation/Earth          4
   e - Lee's Rapid Deconstruction     Earth                        5
Miscellaneous
 I - a fan of gales
Comestibles
 f - 7 bread rations
 g - 7 beef jerkies
 k - 2 meat rations
 p - 7 slices of pizza
 x - 4 fruits


   Skills:
 * Level 9.3 Fighting
 + Level 6.2 Long Blades
 - Level 0.8 Axes
 - Level 1.7 Throwing
 + Level 9.6 Dodging
 * Level 10.1 Shields


You had 10 spell levels left.
You didn't know any spells.

Dungeon Overview and Level Annotations

Branches:
Dungeon (11/15)            Temple (1/1) D:6            Lair (0/6) D:9
    Orc (0/2) D:9

Altars:
Ashenzari
Cheibriados
Dithmenos
Elyvilon
Fedhas
Gozag
Hepliaklqana
Kikubaaqudgha
Makhleb
Nemelex Xobeh
Okawaru
Pakellas
Qazlal
Ru
Sif Muna
Trog
Uskayaw
Vehumet
Xom
Yredelemnul
Zin
The Shining One

Shops:
D:5 (


Innate Abilities, Weirdness & Mutations

You have sharp toenails.
You are mostly covered in rugged brown scales. (AC +2, +5% HP)
You are partially covered in sharp spines.
You possess an exceptional clarity of mind.
You are frail. (-10% HP)
You occasionally shout uncontrollably at your foes.
Your muscles are strong. (Str +2)
Your spells are a little easier to cast, but a little less powerful.


Message History

The freezing wraith completely misses you.
The freezing wraith misses you.
Aahotepre barely misses the freezing wraith.
The freezing wraith hits you.
* * * LOW HITPOINT WARNING * * *
The freezing wraith freezes you!
* * * LOW HITPOINT WARNING * * *
The freezing wraith closely misses you.
You feel better.
Aahotepre hits the freezing wraith but does no damage.
The freezing wraith hits Aahotepre!
The freezing wraith freezes Aahotepre!
Aahotepre resists.
The freezing wraith hits Aahotepre!
Aahotepre is destroyed!
You hit the freezing wraith but do no damage.
The freezing wraith is heavily damaged.
The freezing wraith hits you!
* * * LOW HITPOINT WARNING * * *
The freezing wraith freezes you!!
You die...

##...####.## ##...##
#..## ...# #...## ##..#
Y... ##..## #..## .....
#..###### ##..# .....
##.###...## #..## .....#
#..##.....##
##..##.....#
#..#...#...# #..#.....#
#....####..# ##@..#
#...## #..## ##W## ##.##
##..## ### ### #...##
##....## #### #......#
#### ##..##
##.....####..#####....##
#.......##....##.......#
#..........#.......∩.∩.#


You could see a freezing wraith.

Vanquished Creatures
  Pikel (D:7)
  Psyche (D:10)
  2 centaur skeletons (D:10)
  3 freezing wraiths (IceCv)
  Grinder (D:5)
  A troll (D:11)
  A two-headed ogre (D:10)
  A wolf spider simulacrum (IceCv)
  Sigmund (D:2)
  2 yaks
  A human (D:8)
  2 hippogriffs
  Edmund (D:5)
  Menkaure (D:7)
  An orc warrior (D:10)
  7 ice beasts
  A sky beast (D:5)
  A slave (D:7)
  2 ogres
  2 phantoms
  An alligator simulacrum (IceCv)
  A big kobold (D:10)
  6 giant frogs
  3 scorpions
  7 wights
  4 killer bees (D:10)
  3 crimson imps
  2 giant frog zombies
  A centaur zombie (D:6)
  2 hounds
  2 jellies
  An orc priest (D:9)
  8 orc wizards
  Jessica (D:3)
  2 giant frog skeletons
  3 iguanas
  5 worker ants
  Natasha (thrice) (D:2)
  A polar bear simulacrum (IceCv)
  A killer bee zombie (D:9)
  A wolf simulacrum (IceCv)
  A mummy (D:5)
  17 adders
  2 shadow imps
  4 white imps (IceCv)
  3 oozes (D:1)
  3 adder skeletons
  A worm (D:3)
  3 dart slugs
  5 giant geckos
  26 orcs
  3 giant cockroaches
  11 goblins
  7 hobgoblins
  2 jackals (D:1)
  6 quokkas
  A ball python (D:1)
  10 bats
  3 giant newts
  A jackal skeleton (D:7)
  10 kobolds
  3 quokka skeletons
  9 rats
  5 fungi (D:9)
227 creatures vanquished.

Vanquished Creatures (collateral kills)
  Gastronok (D:8)
  A centaur warrior (D:11)
  A wizard (D:9)
  Maurice (D:9)
  2 freezing wraiths (IceCv)
  A hungry ghost (D:8)
  A hog (D:8)
  An ice beast (IceCv)
  An ogre (D:8)
  2 wights (D:7)
  An orc wizard (D:9)
  A worker ant (D:8)
  2 sheep (D:8)
  An adder (D:9)
  A shadow imp (D:8)
  A white imp (IceCv)
  2 orcs
  A bat (D:9)
  A quokka (D:7)
23 creatures vanquished.

Vanquished Creatures (others)
  The ghost of sergedm the Conjurer, an amateur DECj (D:4)
  A slave (D:7)
  A jelly (D:7)
  2 hexers (IceCv)
  A fulminant prism (D:4)
  5 fungi (D:9)
11 creatures vanquished.

Grand Total: 261 creatures vanquished

Notes
Turn   | Place    | Note
-------+----------+-------------------------------------------
     0 | D:1      | matakusis the Demonspawn Gladiator began the quest for the Orb.
     0 | D:1      | Reached XP level 1. HP: 16/16 MP: 1/1
    80 | D:1      | Gained mutation: You are partially covered in rugged brown scales. (AC +1, +3% HP) [demonic ancestry]
    80 | D:1      | Reached XP level 2. HP: 13/22 MP: 2/2
   753 | D:2      | Gained mutation: You are partially covered in sharp spines. [demonic ancestry]
   753 | D:2      | Reached XP level 3. HP: 27/27 MP: 3/3
   913 | D:2      | Noticed Natasha
   919 | D:2      | Killed Natasha
   969 | D:2      | Reached XP level 4. HP: 35/35 MP: 4/4
   992 | D:2      | Found an oddly glowing altar of Pakellas.
  1255 | D:2      | Found a bloodstained altar of Trog.
  1348 | D:2      | Noticed Sigmund
  1358 | D:2      | Killed Sigmund
  1358 | D:2      | Reached skill level 1 in Shields
  1358 | D:2      | Reached XP level 5. HP: 21/42 MP: 5/5
  1719 | D:2      | Noticed Natasha
  1734 | D:2      | Killed Natasha
  1880 | D:2      | Found a deep blue altar of Sif Muna.
  2042 | D:2      | Reached XP level 6. HP: 42/48 MP: 6/6
  2149 | D:2      | Noticed Natasha
  2156 | D:2      | Killed Natasha
  2174 | D:2      | Gained mutation: Your spells are a little easier to cast, but a little less powerful. [potion of mutation]
  2174 | D:2      | Gained mutation: You occasionally shout uncontrollably at your foes. [potion of mutation]
  2174 | D:2      | Gained mutation: You are resistant to electric shocks. (rElec) [potion of mutation]
  2470 | D:3      | Noticed Jessica
  2482 | D:3      | Killed Jessica
  2482 | D:3      | Reached skill level 2 in Shields
  3148 | D:4      | Found a burning altar of Makhleb.
  3305 | D:4      | Found a basalt altar of Yredelemnul.
  3346 | D:4      | Noticed sergedm's ghost (amateur DECj)
  3352 | D:4      | Killed sergedm's ghost
  3802 | D:5      | Entered Level 5 of the Dungeon
  3811 | D:5      | Noticed Grinder
  3829 | D:5      | Killed Grinder
  3829 | D:5      | Reached skill level 5 in Dodging
  3829 | D:5      | Reached skill level 3 in Shields
  3829 | D:5      | Gained mutation: You are mostly covered in rugged brown scales. (AC +2, +5% HP) [demonic ancestry]
  3829 | D:5      | Reached XP level 7. HP: 27/56 MP: 7/7
  4069 | D:5      | Found Xyoz Pui's Antique Weapon Emporium.
  4093 | D:5      | Found a snail-covered altar of Cheibriados.
  4252 | D:5      | Noticed Edmund
  4298 | D:5      | Killed Edmund
  4492 | D:5      | Reached skill level 4 in Shields
  4492 | D:5      | Gained mutation: You have sharp toenails. [demonic ancestry]
  4492 | D:5      | Reached XP level 8. HP: 64/64 MP: 8/8
  4751 | D:5      | Found a shimmering altar of Xom.
  4912 | D:6      | Reached skill level 5 in Long Blades
  4976 | D:6      | Found a blossoming altar of Fedhas.
  4979 | D:6      | Found a hazy altar of Hepliaklqana.
  4987 | D:6      | Became a worshipper of Hepliaklqana
  5042 | D:6      | Found a shadowy altar of Dithmenos.
  5193 | D:6      | Found a glowing silver altar of Zin.
  5273 | D:6      | Reached skill level 5 in Fighting
  5351 | D:6      | Found a shattered altar of Ashenzari.
  5466 | D:6      | Found a staircase to the Ecumenical Temple.
  5482 | Temple   | Entered the Ecumenical Temple
  5900 | D:7      | Reached * piety under Hepliaklqana
  6013 | D:7      | Gained mutation: Your muscles are strong. (Str +2) [potion of beneficial mutation]
  6020 | D:7      | Noticed Pikel
  6028 | D:7      | Killed Pikel
  6028 | D:7      | Reached skill level 5 in Shields
  6028 | D:7      | Reached XP level 9. HP: 64/72 MP: 9/9
  6037 | D:7      | Noticed Menkaure
  6044 | D:7      | Killed Menkaure
  6365 | D:7      | Reached skill level 6 in Shields
  6982 | D:8      | Reached skill level 7 in Shields
  7006 | D:8      | Got an ivory war axe
  7007 | D:8      | Identified the +7 war axe of Sequestration {chop, Str+4 Dex+3} (You found it on level 8 of the Dungeon)
  7332 | D:8      | Noticed Gastronok
  7348 | D:8      | Killed Gastronok
  7348 | D:8      | Reached skill level 8 in Shields
  7348 | D:8      | Reached XP level 10. HP: 64/82 MP: 10/10
  7531 | D:8      | Found a radiant altar of Vehumet.
  7862 | D:9      | Reached ** piety under Hepliaklqana
  7863 | D:9      | Remembered your ancestor Aahotepre as a hexer
  7943 | D:9      | Found a sacrificial altar of Ru.
  7984 | D:9      | Noticed Maurice
  7994 | D:9      | Killed Maurice
  8020 | D:9      | Found a staircase to the Lair.
  8030 | D:9      | Found a staircase to the Orcish Mines.
  8114 | D:9      | Noticed a wizard
  8122 | D:9      | Killed a wizard
  8424 | D:9      | Reached skill level 9 in Shields
  8782 | D:10     | Entered Level 10 of the Dungeon
  8887 | D:10     | Noticed Psyche
  8891 | D:10     | Killed Psyche
  9011 | D:10     | Reached XP level 11. HP: 91/91 MP: 11/11
  9253 | D:10     | Reached *** piety under Hepliaklqana
  9335 | D:10     | Gained mutation: You are frail. (-10% HP) [potion of mutation]
  9335 | D:10     | Gained mutation: You possess an exceptional clarity of mind. [potion of mutation]
  9335 | D:10     | Lost mutation: You are resistant to electric shocks. (rElec) [potion of mutation]
  9562 | D:11     | Noticed a centaur warrior
  9566 | D:11     | Killed a centaur warrior
  9618 | D:11     | Found a frozen archway.
  9663 | IceCv    | Entered an ice cave
  9834 | IceCv    | Reached skill level 10 in Shields
  9929 | IceCv    | Mangled by a freezing wraith

Vault maps used:
D:1:      dpeg_arrival_long_road
D:2:      lightli_temple_of_fire, lemuel_blue_sif_altar, lemuel_crystal_altar,
          uniq_natasha, uniq_sigmund
D:3:      kennysheep_generic_room_4, uniq_jessica
D:4:      nicolae_overflow_crystal_walls, kennysheep_mini, kennysheep_diamond
D:5:      slow_altar_1, old_standard_altar, first_bread, serial_shops,
          kennysheep_mini_moat, uniq_edmund, uniq_grinder
D:6:      grunt_dithmenos_smoke, grunt_temple_overflow_open,
          nicolae_overflow_hidden_temple, basic_altar
D:7:      uniq_menkaure, uniq_pikel
D:8:      vehumet_crystals, grunt_livestock, uniq_gastronok
D:9:      nicolae_ru_great_annihilating_truth, due_lair_maze_entry_diamond,
          orc_0_dummy, lightli_wizard_tower, uniq_maurice
D:10:     uniq_psyche
D:11:     portal_ice_cave_entry_pillars_1, serial_glass, glass_columns_a,
          glass_columns_a, glass_columns_a, glass_columns_b
Temple:   jpeg_temple_island
IceCv:    ice_cave_small_necro

Skill      XL: |  1  2  3  4  5  6  7  8  9 10 11 |
---------------+----------------------------------+-----
Long Blades    | 3 4 5 6 |  6.2
Dodging        | 3 4 5 6 7 8 9 |  9.6
Fighting       | 3 4 5 7 8 9 |  9.3
Shields        | 1 3 4 5 8 9 10 | 10.1
Axes           | |  0.8
Throwing       | |  1.7

Action                   |  1- 3 |  4- 6 |  7- 9 | 10-12 || total
-------------------------+-------+-------+-------+-------++-------
Melee: Long sword        |    70 |   172 |   301 |       ||   543
       Kick              |       |       |   100 |    84 ||   184
       War axe           |       |       |    21 |   199 ||   220
Throw: Throwing net      |       |     2 |     2 |       ||     4
Invok: Ancestor Life: He |       |       |       |     1 ||     1
       Recall Ancestor   |       |       |       |     2 ||     2
  Use: Scroll            |       |     9 |     7 |     6 ||    22
       Potion            |       |     1 |     3 |     2 ||     6
 Stab: Held in net/web   |       |     2 |     1 |       ||     3
       Sleeping          |       |     3 |    10 |     1 ||    14
       Distracted        |       |       |     2 |     1 ||     3
       Paralysed         |       |       |       |     1 ||     1
       Confused          |       |       |       |     1 ||     1
  Eat: Chunk             |       |     9 |    12 |     9 ||    30
       Royal jelly       |       |       |     1 |       ||     1
Armor: Leather armour    |    13 |    26 |    60 |    24 ||   123
       Troll leather arm |       |       |       |     9 ||     9
Dodge: Dodged            |    35 |    62 |   123 |   175 ||   395
Block: Shield            |     1 |    57 |   129 |   168 ||   355
